 Dungeon Crawl Stone Soup version 0.31.0-12-g77e489cdc1 (webtiles) character file.

Game seed: 1361930495438963172

49 DildoBatman the Conjurer (level 4, 0/32 HPs)
             Began as a Formicid Conjurer on Feb 12, 2024.
             Slain by a goblin
             ... wielding a +0 club
              (4 damage)
             ... on level 2 of the Dungeon.
             The game lasted 00:02:20 (1138 turns).

DildoBatman the Conjurer (Formicid Conjurer)        Turns: 1138, Time: 00:02:20

Health: 0/32       AC:  2    Str: 12    XL:     4   Next: 1%
Magic:  7/7        EV: 12    Int: 19    God:
Gold:   37         SH:  0    Dex: 18    Spells: 5/8 levels left

rFire   . . .        f - +0 short sword
rCold   . . .        (no shield)
rNeg    . . .        a - +0 robe
rPois   .            (helmet unavailable)
rElec   .            (no cloak)
rCorr   .            (no gloves)
SInv    +            (no boots)
Will    .....        (no amulet)
Stlth   ++           k - +6 ring of dexterity
HPRegen 0.25/turn    (no ring)
MPRegen 0.10/turn

%: no passive effects
@: no status effects
A: permanent stasis, dig shafts and tunnels, antennae 3, four strong arms
a: Dig, Shaft Self


You were on level 2 of the Dungeon.
You visited 1 branch of the dungeon, and saw 2 of its levels.

You collected 37 gold pieces.

Inventory:

Hand Weapons
 f - a +0 short sword (weapon)
Missiles
 h - 3 stones
Armour
 a - a +0 robe (worn)
Jewellery
 k - a +6 ring of dexterity (left hand)
Scrolls
 c - 3 scrolls of identify {unknown}
 e - a scroll of enchant armour {unknown}
 g - a scroll of revelation {unknown}
 j - 2 scrolls of enchant weapon {unknown}
 m - a scroll of teleportation {unknown}
Potions
 b - a potion of magic
 d - 2 potions of might {unknown}
 i - a potion of curing {unknown}
 l - a potion of lignification {unknown}


   Skills:
 + Level 1.1 Fighting
 + Level 1.1 Armour
 + Level 2.1 Dodging
 + Level 3.0 Stealth
 + Level 2.6 Spellcasting
 + Level 3.8 Conjurations


You had 5 spell levels left.
You knew the following spells:

 Your Spells              Type           Power      Damage    Failure   Level
a - Searing Ray           Conj           34%        2d5       4%          2
c - Magic Dart            Conj           68%        1d6       3%          1

Your spell library contained the following spells:

 Spells                   Type           Power      Damage    Failure   Level
 Fulminant Prism          Conj/Alch      4%         3d5       56%         4
 Iskenderun's Mystic Bla  Conj/Tloc      9%         2d4       56%         4


Dungeon Overview and Level Annotations

Branches:
Dungeon (2/15)

Altars:

Annotations:
D:2 exclusion: sensed monster (detected), Jessica


Innate Abilities, Weirdness & Mutations

You cannot be hasted, slowed, berserked, paralysed or teleported.
You can dig through walls and to a lower floor.
You have a pair of large antennae on your head. (SInv)
Your four strong arms can wield two-handed weapons with a shield.


Message History

You shout for attention!
The dart slug bites you. The goblin hits you with a +0 club.
What are your orders? t - Shout!
Orders for allies: a - Attack new target. r - Retreat! s - Stop attacking. g - Guard the area. f - Follow me.
Anything else - Cancel.
You shout for attention!
The goblin barely misses you. What are your orders? t - Shout!
Orders for allies: a - Attack new target. r - Retreat! s - Stop attacking. g - Guard the area. f - Follow me.
Anything else - Cancel.
You shout for attention!
The dart slug launches a dart at you. The slug dart misses you.
The goblin barely misses you. What are your orders? t - Shout!
Orders for allies: a - Attack new target. r - Retreat! s - Stop attacking. g - Guard the area. f - Follow me.
Anything else - Cancel.
You shout for attention!
The dart slug bites you but does no damage.
The goblin hits you with a +0 club. What are your orders? t - Shout!
Orders for allies: a - Attack new target. r - Retreat! s - Stop attacking. g - Guard the area. f - Follow me.
Anything else - Cancel.
You shout for attention!
The dart slug barely misses you. The goblin hits you with a +0 club.
You die...

.##.... #.#
......# ##.#
...)..###.#####
#..........# {
#..#######.#
#†## #.# # #.#
#.######.###
#.#
#.#.........
#.# #...@w...#
..#
###g#####...
#.# #.# , #.#
#.# #.# #.# #!#
...


You could see a dart slug and a goblin.

Vanquished Creatures
  An adder (D:2)
  A gnoll (D:1)
  A dart slug (D:1)
  A bat (D:1)
  3 endoplasms (D:1)
  2 goblins (D:1)
  6 kobolds (D:1)
  4 quokkas
  3 ball pythons (D:1)
  A frilled lizard (D:1)
  3 rats (D:1)
26 creatures vanquished.

Notes
Turn   | Place    | Note
-------+----------+-------------------------------------------
     0 | D:1      | DildoBatman the Formicid Conjurer began the quest for the
                  | Orb.
     0 | D:1      | Reached XP level 1. HP: 13/13 MP: 3/3
   169 | D:1      | Reached XP level 2. HP: 19/19 MP: 1/5
   172 | D:1      | Learned a level 2 spell: Searing Ray
   664 | D:1      | Reached XP level 3. HP: 21/25 MP: 3/6
   831 | D:1      | Reached skill level 1 in Armour
   843 | D:1      | Reached skill level 1 in Fighting
   867 | D:1      | Found a faded altar of an unknown god.
  1026 | D:2      | Noticed Jessica
  1091 | D:2      | Reached XP level 4. HP: 26/32 MP: 5/7
  1138 | D:2      | Slain by a goblin

Illustrated notes

Levels and vault maps discovered:
D:1:      eino_arrival_water_star, layout_basic, serial_curves, eino_curves_04,
          eino_curves_04, ebering_ecumenical_altar_hall, kennysheep_nondescript
D:2:      layout_loops_ring, basic_altar, uniq_jessica, uniq_crazy_yiuf_cottage

Skill      XL: |  1  2  3 |
---------------+----------+-----
Dodging        | 2 |  2.1
Armour         | 1 |  1.1
Fighting       | 1 |  1.1
Stealth        | 3 |  3.0
Spellcasting   | |  2.6
Conjurations   | |  3.8

Action                     |  1- 3 |  4- 6 || total
---------------------------+-------+-------++-------
  Melee: Unarmed           |     1 |       ||     1
         Short sword       |    33 |       ||    33
   Cast: Magic Dart        |    25 |       ||    25
         Searing Ray       |     3 |       ||     3
   Stab: Sleeping          |     2 |       ||     2
 Armour: Robe              |    21 |    18 ||    39
  Dodge: Dodged            |    13 |    30 ||    43
